Map: [ESL] Alcyone

Players

eGGz - Winner!

  • Race: Zerg Zerg
  • Spawn Location: 7:00

MaSa

  • Race: Terran Terran
  • Spawn Location: 1:00

Event: ESL SC2 Masters 2023 Winter (Regional)

VOD

Have the link to the VOD?

Description

Time

  • Played on: Nov. 6, 2023, 7:38 p.m.
  • Length: 12:30

All games in this series

Show
View Real Time Build Order
Export as new Build Order

eGGz Zerg - Winner!

Build Orders: Hatch First 

Get SALT Encoding   

  12  0:00  Drone  
  13  0:14  Overlord  
  13  0:17  Drone  
  14  0:32  Drone  
  14  0:33  Drone  
  16  0:40  Drone  
  17  0:51  Hatchery  
  16  0:57  Drone  
  16  0:59  Drone  
  18  1:11  Spawning Pool  
  17  1:14  Extractor  
  17  1:16  Drone  
  17  1:21  Drone  
  18  1:32  Drone  
  19  1:42  Drone  
  20  1:56  Hatchery  
  20  1:58  Queen  
  22  2:01  Zergling x2  
  22  2:05  Zergling x2  
  23  2:14  Queen  
  25  2:23  Drone  
  25  2:24  Metabolic Boost  
  26  2:31  Overlord  
  25  2:38  Drone  
  25  2:39  Drone  
  27  2:46  Drone x2  
  28  2:52  Drone x2  
  30  2:59  Queen  
  30  3:02  Drone  
  33  3:06  Drone  
  33  3:09  Queen  
  33  3:11  Zergling x2  
  37  3:14  Zergling x2  
  38  3:20  Overlord  
  38  3:21  Drone  
  38  3:22  Drone  
  38  3:25  Drone  
  38  3:26  Drone  
  42  3:31  Overlord  
  42  3:39  Drone  
  42  3:43  Drone  
  42  3:47  Zergling x4  
  42  3:48  Zergling x4  
  47  3:49  Drone x2  
  47  3:52  Drone  
  50  3:57  Queen  
  50  4:02  Overlord  
  52  4:06  Drone x4, Extractor  
  52  4:07  Extractor  
  52  4:09  Drone  
  55  4:14  Overlord  
  55  4:18  Drone  
  55  4:22  Drone x3, Roach Warren  
  55  4:23  Drone  
  59  4:25  Drone  
  59  4:28  Overlord  
  60  4:36  Drone x3  
  63  4:41  Overlord  
  63  4:42  Zergling x4  
  63  4:43  Lair  
  63  4:48  Drone x3  
  63  4:52  Queen  
  66  4:55  Zergling x4  
  70  5:05  Drone x7  
  77  5:13  Roach x2  
  75  5:17  Roach x2  
  75  5:18  Zergling x2, Roach  
  79  5:30  Roach  
  79  5:32  Evolution Chamber, Overlord x2  
  79  5:33  Evolution Chamber  
  79  5:35  Overlord  
  78  5:43  Glial Reconstitution  
  78  5:44  Overlord  
  78  5:46  Extractor  
  78  5:47  Extractor  
  76  5:51  Drone x3  
  76  5:52  Drone x3  
  82  5:59  Zerg Missile Weapons Level 1, Zerg Ground Armor Level 1  
  82  6:02  Drone x7  
  89  6:09  Roach  
  91  6:15  Roach x3  
  97  6:21  Spore Crawler  
  97  6:22  Spore Crawler  
  97  6:23  Roach x2  
  99  6:27  Roach x3  
  99  6:29  Overlord x5  
  105  6:41  Overlord  
  105  6:45  Roach, Hatchery  
  106  6:47  Overlord  
  106  6:51  Roach x4  
  114  6:55  Roach x3  
  114  6:56  Roach x2  
  123  7:05  Overseer  
  123  7:07  Ravager x3  
  126  7:10  Roach x7  
  126  7:12  Overseer  
  126  7:13  Overseer  
  140  7:17  Roach x3  
  140  7:22  Roach x3  
  152  7:28  Roach x2  
  152  7:29  Extractor, Roach  
  157  7:34  Roach x2  
  161  7:42  Overlord  
  161  7:51  Overlord  
  161  7:55  Infestation Pit  
  161  7:57  Roach x4  
  168  8:02  Roach x4  
  168  8:03  Overlord  
  160  8:15  Roach x11  
  166  8:24  Zerg Melee Weapons Level 1  
  148  8:28  Roach x6  
  154  8:37  Hive  
  154  8:39  Drone x6  
  160  8:47  Zerg Ground Armor Level 2  
  160  8:49  Zergling x10  
  165  8:56  Ravager  
  165  9:00  Zergling x10, Ravager  
  172  9:04  Drone x4, Baneling Nest  
  143  9:24  Zergling x20  
  143  9:29  Drone x2  
  155  9:34  Ravager  
  156  9:44  Hatchery  
  155  9:48  Centrifugal Hooks  
  155  9:49  Adrenal Glands  
  155  9:50  Ultralisk Cavern  
  148  9:56  Zergling x24  
  148  9:57  Zergling x2  
  154  10:04  Drone x5  
  156  10:10  Ravager  
  156  10:11  Hatchery, Ravager  
  156  10:13  Baneling x14  
  156  10:28  Zergling x26  
  163  10:42  Chitinous Plating  
  158  10:44  Ultralisk x2  
  170  10:50  Burrow  
  170  10:52  Zergling x18  
  179  10:58  Drone x6  
  179  11:00  Ultralisk  
  191  11:09  Overlord  
  191  11:10  Zergling x12  
  195  11:22  Overlord  
  195  11:33  Zergling x8  
  195  11:39  Overlord  
  194  11:42  Zergling x10  
  195  11:54  Spore Crawler  
  195  11:58  Zergling x26  
  183  12:07  Drone x4  
  169  12:13  Zergling x6  
Show
View Real Time Build Order
Export as new Build Order

MaSa Terran 

Build Orders: Reaper Expand 

Get SALT Encoding   

  12  0:00  SCV  
  13  0:12  SCV  
  14  0:17  Supply Depot  
  14  0:24  SCV  
  15  0:38  SCV  
  15  0:40  Barracks  
  16  0:44  Refinery  
  16  0:50  SCV  
  17  1:02  SCV  
  18  1:15  SCV  
  19  1:29  Orbital Command, Reaper  
  19  1:32  Bunker  
  20  1:48  Command Center  
  20  1:59  SCV, Supply Depot  
  21  2:03  Marine  
  22  2:13  Bunker  
  22  2:17  SCV  
  22  2:21  Barracks Reactor  
  23  2:23  Factory  
  23  2:25  Refinery  
  23  2:29  SCV  
  24  2:41  SCV  
  25  2:53  SCV  
  26  3:05  Orbital Command  
  26  3:07  Barracks Tech Lab  
  26  3:09  Starport  
  26  3:10  SCV  
  27  3:15  Hellion x2  
  31  3:22  SCV  
  32  3:31  Barracks Tech Lab  
  32  3:32  SCV  
  33  3:34  SCV  
  33  3:36  Cyclone x2  
  38  3:44  SCV  
  39  3:50  SCV  
  39  3:51  Supply Depot  
  39  3:52  Raven  
  39  3:55  Marine  
  43  3:57  SCV  
  44  4:09  Stimpack  
  44  4:10  Command Center, SCV x2  
  44  4:13  Marine  
  44  4:16  Supply Depot  
  47  4:17  Hellion  
  47  4:22  Hellion, SCV  
  52  4:24  SCV  
  53  4:31  Starport Reactor  
  53  4:34  SCV  
  53  4:40  SCV  
  53  4:47  SCV  
  53  4:48  Barracks  
  53  4:50  Barracks, Supply Depot  
  54  4:53  SCV  
  54  4:54  Supply Depot  
  54  4:56  Siege Tank  
  58  5:00  SCV  
  58  5:06  Engineering Bay  
  59  5:07  Engineering Bay  
  57  5:18  SCV, Marine  
  54  5:25  Orbital Command, SCV  
  54  5:28  Siege Tank, Refinery  
  58  5:30  SCV, Refinery  
  59  5:35  Marine  
  59  5:37  SCV  
  59  5:40  Marine x2  
  63  5:44  Barracks  
  63  5:45  SCV  
  63  5:49  Terran Infantry Weapons Level 1  
  64  5:50  Starport Reactor  
  64  5:51  Orbital Command  
  64  5:53  Marine  
  64  5:55  Terran Infantry Armor Level 1, SCV  
  67  5:57  Marine x2  
  67  6:00  SCV  
  69  6:04  Marine x2  
  69  6:05  Combat Shield  
  69  6:09  SCV  
  72  6:11  Barracks, Marine  
  72  6:12  SCV  
  72  6:15  Marine  
  75  6:19  Marine  
  75  6:20  Factory  
  75  6:21  SCV  
  75  6:22  SCV  
  75  6:24  Marine x2  
  80  6:25  SCV  
  80  6:26  Refinery  
  80  6:29  Medivac, Marine  
  84  6:34  Siege Tank, SCV  
  84  6:37  SCV  
  84  6:39  SCV  
  90  6:40  Marine x2  
  90  6:41  Barracks Tech Lab  
  90  6:45  Supply Depot  
  90  6:46  SCV  
  93  6:48  Bunker  
  93  6:56  Marine x2  
  93  7:07  Medivac x2, Marine, SCV x3  
  101  7:09  Supply Depot  
  101  7:14  Supply Depot  
  101  7:15  Factory Tech Lab  
  101  7:17  Barracks Reactor  
  101  7:31  Siege Tank, Supply Depot, Armory, SCV x3  
  101  7:33  Supply Depot  
  107  7:37  Medivac  
  107  7:40  Bunker  
  107  7:42  Siege Tank  
  107  7:43  SCV  
  112  7:48  Medivac  
  112  7:49  SCV x2  
  112  7:50  Marine  
  112  7:51  Marine  
  117  7:54  Command Center  
  117  7:55  SCV  
  117  7:57  Supply Depot  
  118  7:58  Supply Depot  
  118  7:59  Marine x2  
  118  8:05  SCV  
  120  8:06  Refinery  
  120  8:07  Marine  
  120  8:08  Marine x2  
  105  8:13  Marine x3  
  105  8:15  Siege Tank  
  105  8:17  Marine  
  105  8:18  SCV  
  87  8:22  Siege Tank  
  87  8:29  Marine  
  86  8:34  Terran Infantry Weapons Level 2  
  86  8:35  Terran Infantry Armor Level 2  
  86  8:37  Marine  
  86  8:39  SCV  
  88  8:42  SCV  
  88  8:47  Siege Tank  
  92  8:50  Marine  
  92  8:53  Missile Turret  
  93  8:59  Supply Depot x2  
  93  9:02  Terran Vehicle Weapons Level 1  
  93  9:06  Siege Tank, SCV, Marine x2, Marauder  
  93  9:07  SCV  
  96  9:17  Marauder, Marine x4  
  96  9:18  Orbital Command  
  88  9:28  Marauder  
  88  9:31  Siege Tank  
  93  9:34  Marine, SCV x2  
  96  9:42  Siege Tank  
  99  9:46  SCV x2  
  100  9:54  Orbital Command  
  100  9:56  Liberator, Marine x4  
  100  9:57  Marine x4  
  105  10:03  SCV  
  106  10:14  Marine x3  
  106  10:15  Liberator  
  106  10:16  SCV  
  106  10:17  SCV  
  114  10:23  Marine, Supply Depot  
  115  10:29  Orbital Command  
  115  10:30  Marine x2  
  109  10:44  Medivac  
  109  10:45  Marauder  
  110  10:51  SCV x2  
  110  10:53  Siege Tank  
  110  10:56  SCV  
  116  10:58  Medivac  
  118  11:06  Siege Tank  
  121  11:12  Refinery x2  
  121  11:18  Marine x4  
  121  11:19  Marine x2, Marauder  
  121  11:22  SCV x3  
  132  11:28  Supply Depot  
  132  11:29  Supply Depot  
  132  11:45  Supply Depot x2  
  132  11:50  Siege Tank x2, SCV x3  
  141  11:55  Marine  
  141  11:56  Marauder  
  131  12:02  SCV  
  131  12:05  Marine x3  
  131  12:06  Marauder  
  102  12:10  Marine x2  
Tags
 
Add a new tag
Caveats
  • Supply blocks, unpowered buildings, or Contaminate may cause inaccurate times.
  • Supply counts are checked every 10 seconds.